 Dungeon Crawl Stone Soup version 0.22-a0-79-g605b837 (webtiles) character file.

153 Joshtr2000 the Skirmisher (level 5, -2/48 HPs)
             Began as a Minotaur Skald on Jan 18, 2018.
             Slain by an ogre
             ... wielding a +0 giant spiked club
              (26 damage)
             ... on level 4 of the Dungeon.
             The game lasted 00:10:22 (1589 turns).

Joshtr2000 the Skirmisher (Minotaur Skald)          Turns: 1589, Time: 00:10:24

Health: -2/48      AC:  3    Str: 15    XL:     5   Next: 12%
Magic:  5/6        EV: 12    Int: 11    God:
Gold:   86         SH:  0    Dex: 10    Spells: 5/6 levels left

rFire    + . .     SeeInvis .   a - +0 falchion
rCold    + . .     Gourm    .   (no shield)
rNeg     . . .     Faith    .   b - +0 leather armour
rPois    .         Spirit   .   (helmet restricted)
rElec    .         Reflect  .   l - scarf {rC+ rF+}
rCorr    .         Harm     .   (no gloves)
MR       .....                  (no boots)
Stlth    +.........             (no amulet)
HPRegen  0.16/turn              (no ring)
MPRegen  0.10/turn              (no ring)

@: very slightly contaminated
A: retaliatory headbutt, horns 2
a: no special abilities


You were on level 4 of the Dungeon.
You were full.

You visited 1 branch of the dungeon, and saw 3 of its levels.

You collected 86 gold pieces.

Inventory:

Hand Weapons
 a - a +0 falchion (weapon)
Armour
 b - a +0 leather armour (worn)
 l - a scarf of resistance (worn)
Scrolls
 e - 2 scrolls of teleportation
 f - a scroll of blinking {unknown}
 g - a scroll of amnesia {unknown}
 j - 2 scrolls of identify {unknown}
 k - 2 scrolls of remove curse {unknown}
 m - a scroll of enchant armour {unknown}
 p - a scroll of random uselessness {unknown}
Potions
 h - a potion of lignification {unknown}
 i - a potion of invisibility {unknown}
 o - a potion of curing {unknown}
 q - a potion of mutation {unknown}
Books
 c - a book of Battle

   Spells                             Type                      Level
   a - Infusion                       Charms                       1
   b - Shroud of Golubria             Charms/Translocation         2
   c - Song of Slaying                Charms                       2
   d - Spectral Weapon                Hexes/Charms                 3
   e - Regeneration                   Charms/Necromancy            3
 n - a book of Minor Magic

   Spells                             Type                      Level
   a - Magic Dart                     Conjuration                  1
   b - Blink                          Translocation                2
   c - Call Imp                       Summoning                    2
   d - Slow                           Hexes                        2
   e - Conjure Flame                  Conjuration/Fire             3
   f - Mephitic Cloud                 Conjuration/Poison/Air       3
Comestibles
 d - 7 rations


   Skills:
 - Level 5.1 Fighting
 + Level 4.6 Long Blades
 - Level 1.2 Armour
 - Level 2.1 Dodging
 - Level 1.3 Spellcasting
 - Level 2.0 Charms


You had 5 spell levels left.
You knew the following spells:

 Your Spells              Type           Power        Failure   Level  Hunger
a - Infusion              Chrm           #...         17%         1    ##.....


Dungeon Overview and Level Annotations

Branches:
Dungeon (2/15)

Altars:

Annotations:
D:4 Edmund


Innate Abilities, Weirdness & Mutations

You reflexively headbutt those who attack you in melee.
You have a pair of horns on your head.


Message History

You hit the ogre.
The ogre is heavily wounded.
Edmund hits you with a flail of protection!
Edmund hits you with a flail of protection.
You hit the ogre.
The ogre is severely wounded.
The ogre barely misses you.
You riposte.
You hit the ogre but do no damage.
The ogre is severely wounded.
Edmund hits you with a flail of protection.
You hit the ogre but do no damage.
The ogre is severely wounded.
Edmund hits you with a flail of protection.
The ogre closely misses you.
You barely miss the ogre. Your headbutt misses the ogre.
The ogre is severely wounded.
Edmund says, "People accused me of being a cutpurse!"
Edmund hits you with a flail of protection.
The ogre hits you with a giant spiked club!!
Ouch! That really hurt!
You die...

..# #..#......#'####
...# ##.#.##.........
#..# #####.#.##.........
.. #..................
#####.###..##.#.......
...........##.#.......
###......###.........
##.##........##.....####
.......@...#.##....#####
#.###.@O...#..#.#####...
....$....##.#.# #.##
#........#......#####.#
#........#..##........#
#.....#.##..##........#
......#.##..##........#
.....('.....##........#
.. #.##.....>........


You could see Edmund and an ogre.

Vanquished Creatures
  2 hounds (D:4)
  An adder (D:2)
  3 gnolls (D:2)
  2 oozes
  A dart slug (D:1)
  A leopard gecko (D:1)
  2 orcs (D:4)
  3 bats
  3 giant cockroaches
  5 goblins
  4 hobgoblins
  5 jackals
  6 kobolds
  A quokka (D:2)
  2 ball pythons
  2 rats (D:1)
43 creatures vanquished.

Notes
Turn   | Place    | Note
-------+----------+-------------------------------------------
     0 | D:1      | Joshtr2000 the Minotaur Skald began the quest for the Orb.
     0 | D:1      | Reached XP level 1. HP: 18/18 MP: 1/1
    76 | D:1      | Reached skill level 3 in Fighting
   198 | D:1      | Reached XP level 2. HP: 26/26 MP: 3/3
   478 | D:1      | Reached skill level 4 in Fighting
   513 | D:1      | Reached XP level 3. HP: 29/34 MP: 4/4
  1008 | D:2      | Reached skill level 5 in Fighting
  1012 | D:2      | Reached XP level 4. HP: 25/42 MP: 3/5
  1054 | D:2      | You fall through a shaft for 2 floors!
  1304 | D:4      | Noticed an ogre
  1441 | D:4      | Reached XP level 5. HP: 42/48 MP: 2/6
  1581 | D:4      | Noticed Edmund
  1589 | D:4      | Slain by an ogre

Vault maps used:
D:1:      sevenhm_arrival_forest_fort_large_2, hangedman_feature_mirror,
          st_stairs_12
D:2:      first_ration, grunt_decor_one_mirror
D:4:      uniq_edmund

Skill      XL: |  1  2  3  4 |
---------------+-------------+-----
Fighting       | 3 4 5 |  5.1
Long Blades    | 4 |  4.6
Armour         | |  1.2
Dodging        | |  2.1
Spellcasting   | |  1.3
Charms         | |  2.0

Action                   |  1- 3 |  4- 6 || total
-------------------------+-------+-------++-------
Melee: Falchion          |    69 |    33 ||   102
       Headbutt          |    10 |     5 ||    15
 Cast: Infusion          |     1 |     1 ||     2
  Use: Scroll            |     1 |     1 ||     2
  Eat: Ration            |       |     2 ||     2
Armor: Leather armour    |    22 |     4 ||    26
Dodge: Dodged            |    72 |    26 ||    98
       Rpst.: Falchion   |    16 |     9 ||    25

Table legend:
 A = Spawn XP
 B = Non-spawn XP
 C = Spawn XP percentage of total XP
 D = Spawn monster count
 E = Non-spawn monster count
 F = Spawn count percentage of total count
 G = Total turns spent on level
                    A         B        C        D         E        F      G
               +---------+---------+-------+---------+---------+-------+---------
         Total |       0 |     219 |   0.0 |       0 |      43 |   0.0 |  1589
               +---------+---------+-------+---------+---------+-------+---------
           D:1 |       0 |      47 |   0.0 |       0 |      22 |   0.0 |   776
           D:2 |       0 |      69 |   0.0 |       0 |      13 |   0.0 |   278
           D:4 |       0 |     103 |   0.0 |       0 |       8 |   0.0 |   535
               +---------+---------+-------+---------+---------+-------+---------
